 Dungeon Crawl Stone Soup version 0.21-a0-88-g13b9641 (webtiles) character file.

615 Lavandula the Bolt Thrower (level 7, 48/48 HPs)
             Began as a Mummy Arcane Marksman on June 26, 2017.
             Was an Initiate of Gozag.
             Quit the game on level 5 of the Dungeon.
             The game lasted 00:15:20 (4803 turns).

Lavandula the Bolt Thrower (Mummy Arcane Marksman)  Turns: 4803, Time: 00:15:21

Health: 48/48      AC:  3    Str: 14    XL:     7   Next: 21%
Magic:  9/9        EV: 12    Int: 12    God:    Gozag
Gold:   390        SH:  0    Dex: 14    Spells: 2/8 levels left

rFire    x . .     SeeInvis .   a - +0 hand crossbow
rCold    + . .     Gourm    .   (no shield)
rNeg     + + +     Faith    .   k - +0 leather armour
rPois    ∞         Spirit   .   (no helmet)
rElec    .         Reflect  .   (no cloak)
rCorr    .         Harm     .   (no gloves)
MR       .....                  (no boots)
Stlth    +.........             (no amulet)
HPRegen  0.16/turn              (no ring)
MPRegen  0.11/turn              (no ring)

@: no status effects
A: no food or potions, fire vulnerability, cold resistance 1, negative energy
resistance 3, torment resistance, unbreathing
a: Potion Petition, Call Merchant, Bribe Branch, Renounce Religion


You were on level 5 of the Dungeon.
You worshipped Gozag.
Gozag was aware of your devotion.
You were not hungry.

You visited 1 branch of the dungeon, and saw 5 of its levels.

You collected 408 gold pieces.
You paid 18 gold pieces to Gozag.

Inventory:

Hand Weapons
 a - a +0 hand crossbow (weapon)
 g - a +0 hand axe
 h - a +0 spear
 i - a +0 mace
 m - a +4 club
 t - a +0 dagger of venom
 z - a +0 morningstar
Missiles
 r - 4 needles of confusion
 x - 14 bolts (quivered)
Armour
 e - a +0 robe
 k - a +0 leather armour (worn)
 q - a cursed +0 ring mail
Jewellery
 j - an uncursed ring of stealth {unknown}
 o - an uncursed ring of protection from magic {unknown}
 p - a cursed ring of loudness {unknown}
Wands
 d - a wand of flame (14/48)
 l - a wand of random effects (17/48)
 v - a wand of lightning (2/15)
Scrolls
 b - a scroll of magic mapping
 f - a scroll of teleportation
 n - a scroll of immolation
 u - 2 scrolls of identify
 w - a scroll of fog
 y - a scroll of blinking
Books
 c - a book of Debilitation

   Spells                             Type                      Level
   a - Corona                         Hexes                        1
   b - Slow                           Hexes                        2
   c - Inner Flame                    Hexes/Fire                   3
   d - Portal Projectile              Hexes/Translocation          3
   e - Cause Fear                     Hexes                        4
   f - Leda's Liquefaction            Hexes/Earth                  4
 s - a book of Conjurations

   Spells                             Type                      Level
   a - Magic Dart                     Conjuration                  1
   b - Searing Ray                    Conjuration                  2
   c - Dazzling Spray                 Conjuration/Hexes            3
   d - Fulminant Prism                Conjuration/Hexes            4
   e - Force Lance                    Conjuration/Translocation    4
   f - Iskenderun's Mystic Blast      Conjuration                  4


   Skills:
 - Level 1.0 Fighting
 - Level 6.7 Crossbows
 + Level 1.5 Dodging
 - Level 1.3 Spellcasting
 - Level 2.6 Hexes


You had 2 spell levels left.
You knew the following spells:

 Your Spells              Type           Power        Failure   Level  Hunger
a - Corona                Hex            #......      12%         1    N/A
b - Slow                  Hex            #.......     19%         2    N/A
c - Portal Projectile     Hex/Tloc       #.....       54%         3    N/A

Dungeon Overview and Level Annotations

Branches:
Dungeon (5/15)
 Temple: D:4-7

Altars:
Gozag
Nemelex Xobeh
Okawaru

Annotations:
D:2 Sigmund
D:4 Blork the orc


Innate Abilities, Weirdness & Mutations

You do not eat or drink.
Your flesh is vulnerable to fire.
You are immune to poison.
Your flesh is cold resistant. (rC+)
You are immune to negative energy. (rN+++)
You are immune to unholy pain and torment.
You can survive without breathing.


Message History

There is an open door here.
You open the door.
There is an open door here.
You open the door.
Found a morningstar.
There is an open door here.
Found a potion of curing.
You see here a morningstar.
z - a morningstar You open the door.
Found a stone staircase leading down.
There is an open door here.
An orc comes into view. It is wielding a hand axe.
The orc shouts!
Found a ring mail. 2 orcs come into view.
Welcome back, Lavandula the Mummy Arcane Marksman.
Gozag says: Greed is good.
Press ? for a list of commands and other information.
Are you sure you want to abandon this character and quit the game? (Confirm with "yes".)

.........#.....+......#
#....'.
.........#.....#......#
#....#.
.........#.....#......#
#..5O#.
.........#.....#......#
#...<##
..########.....#......#
#....# ..#
#.....#......# #....#
..# #.....#......#
#....# ..#
#!....'......# #....#
##....#@.....# #....#
######......+ +....#
.......# #....#
...>....# .........#
..........#
+####....o.# #[...oo#


You could see 3 orcs.

Vanquished Creatures
  Eustachio (D:4)
  A scorpion (D:4)
  4 orc priests
  3 orc wizards
  Ijyb (D:4)
  Jessica (D:2)
  A bullfrog skeleton (D:4)
  2 worker ants
  3 adders
  2 oozes
  An adder skeleton (D:4)
  A dart slug (D:1)
  4 leopard geckos
  11 orcs
  4 giant cockroaches
  6 goblins
  4 hobgoblins
  A ball python (D:2)
  6 bats
  4 frilled lizards
  A jackal skeleton (D:4)
  7 kobolds
  8 rats
77 creatures vanquished.

Notes
Turn   | Place    | Note
-------+----------+-------------------------------------------
     0 | D:1      | Lavandula the Mummy Arcane Marksman began the quest for the Orb.
     0 | D:1      | Reached XP level 1. HP: 15/15 MP: 2/2
   131 | D:1      | Reached skill level 2 in Crossbows
   212 | D:1      | Reached XP level 2. HP: 21/21 MP: 4/4
  1058 | D:2      | Noticed Jessica
  1061 | D:2      | Killed Jessica
  1061 | D:2      | Reached skill level 3 in Crossbows
  1061 | D:2      | Reached XP level 3. HP: 26/26 MP: 5/5
  1141 | D:2      | Noticed Sigmund
  1182 | D:1      | Learned a level 2 spell: Slow
  1377 | D:2      | Reached XP level 4. HP: 30/32 MP: 6/6
  1398 | D:2      | Found an opulent altar of Gozag.
  1410 | D:2      | Became a worshipper of Gozag Ym Sagoz the Greedy
  1520 | D:3      | Found a sparkling altar of Nemelex Xobeh.
  1695 | D:2      | Found an iron altar of Okawaru.
  2343 | D:3      | Reached skill level 4 in Crossbows
  2494 | D:4      | Reached XP level 5. HP: 37/37 MP: 7/7
  2514 | D:3      | Learned a level 3 spell: Portal Projectile
  2628 | D:4      | Noticed Eustachio
  2798 | D:4      | Reached skill level 5 in Crossbows
  2945 | D:4      | Reached XP level 6. HP: 43/43 MP: 6/8
  3613 | D:4      | Noticed Ijyb
  3640 | D:4      | Killed Eustachio
  3640 | D:4      | Reached skill level 6 in Crossbows
  3764 | D:4      | Killed Ijyb
  3764 | D:4      | Reached XP level 7. HP: 48/48 MP: 9/9
  3776 | D:4      | Noticed Blork the orc
  4557 | D:5      | Entered Level 5 of the Dungeon
  4803 | D:5      | Quit the game

Vault maps used:
D:1:      dpeg_arrival_court
D:2:      lemuel_crystal_altar, grunt_gozag_breadcrumbs, uniq_sigmund,
          uniq_jessica
D:3:      cheibrodos_old_hovel, nemelex_xobeh_ov_fountains_minmay, first_bread
D:4:      uniq_eustachio, uniq_ijyb, uniq_blork_the_orc
D:5:      kennysheep_mini, uniq_duvessa, uniq_grinder

Skill      XL: |  1  2  3  4  5  6 |
---------------+-------------------+-----
Crossbows      | 2 3 4 5 6 |  6.7
Fighting       | |  1.0
Dodging        | |  1.5
Spellcasting   | |  1.3
Hexes          | |  2.6

Action                   |  1- 3 |  4- 6 |  7- 9 || total
-------------------------+-------+-------+-------++-------
Melee: Spear             |    21 |    51 |       ||    72
       Mace              |     1 |     4 |       ||     5
       Dagger            |       |     5 |    27 ||    32
 Fire: Hand crossbow     |    40 |   109 |    11 ||   160
 Cast: Corona            |     7 |     6 |       ||    13
       Slow              |       |     1 |       ||     1
       Portal Projectile |       |     1 |       ||     1
Invok: Potion Petition   |       |     1 |       ||     1
Evoke: Wand              |       |       |     5 ||     5
  Use: Scroll            |       |     3 |     4 ||     7
Armor: Robe              |     1 |       |       ||     1
       Leather armour    |     8 |    27 |     4 ||    39
Dodge: Dodged            |    34 |    63 |    13 ||   110
